 Dungeon Crawl Stone Soup version 0.25-a0-479-g8579842fd4 (webtiles) character file.

Game seed: 17392037475517392361, levelgen mode: deterministic

41 Notrik the Skirmisher (level 3, -1/34 HPs)
             Began as a Hill Orc Berserker on Feb 9, 2020.
             Was a Follower of Trog.
             Slain by a gnoll
             ... wielding a cursed -2 whip
              (3 damage)
             ... on level 2 of the Dungeon.
             The game lasted 00:01:30 (1161 turns).

Notrik the Skirmisher (Hill Orc Berserker)          Turns: 1161, Time: 00:01:31

Health: -1/34      AC:  7    Str: 20    XL:     3   Next: 52%
Magic:  3/3        EV: 10    Int:  7    God:    Trog [*.....]
Gold:   61         SH:  0    Dex: 10    Spells: 2/2 levels left

rFire    . . .     SeeInvis .   a - +0 hand axe
rCold    . . .     Gourm    .   (no shield)
rNeg     . . .     Faith    .   l - +0 scale mail
rPois    .         Spirit   .   (no helmet)
rElec    .         Reflect  .   (no cloak)
rCorr    .         Harm     .   c - +0 pair of gloves
MR       .....                  (no boots)
Stlth    ..........             (no amulet)
HPRegen  0.11/turn              (no ring)
MPRegen  0.08/turn              (no ring)

@: no status effects
A: no striking features
a: Berserk, Renounce Religion


You were on level 2 of the Dungeon.
You worshipped Trog.
Trog was aware of your devotion.
You were hungry.

You visited 1 branch of the dungeon, and saw 2 of its levels.

You collected 61 gold pieces.

Inventory:

Hand Weapons
 a - a +0 hand axe (weapon)
Armour
 c - a +0 pair of gloves (worn)
   (You found it on level 2 of the Dungeon)
 l - a +0 scale mail (worn)
   (You found it on level 2 of the Dungeon)
Scrolls
 d - 3 scrolls of remove curse {unknown}
 f - a scroll of magic mapping {unknown}
 g - a scroll of identify {unknown}
 h - a scroll of fog {unknown}
 k - a scroll of enchant weapon {unknown}
Potions
 i - 2 potions of invisibility {unknown}
 j - a potion of curing {unknown}
Comestibles
 e - 2 rations {!d}


   Skills:
 * Level 4.6 Fighting
 + Level 4.5 Axes
 + Level 2.8 Armour
 - Level 1.5 Dodging


You had 2 spell levels left.
You didn't know any spells.
Your spell library was empty.

Dungeon Overview and Level Annotations

Branches:
Dungeon (2/15)

Altars:
Makhleb


Message History

No target in view!
Found a stone staircase leading down.
A hobgoblin comes into view. It is wielding a +0 club.
A gnoll comes into view. It is wielding a +0 spear.
The gnoll hits you but does no damage.
The hobgoblin hits you but does no damage.
You barely miss the hobgoblin. The gnoll hits you but does no damage.
The hobgoblin hits you with a +0 club. The gnoll hits you but does no damage.
You hit the hobgoblin.
You kill the hobgoblin!
Trog accepts your kill.
The gnoll hits you from afar with a +0 spear.
The gnoll closely misses you.
You see here a +0 club.
You hit the gnoll. The gnoll barely misses you.
You closely miss the gnoll. The gnoll hits you with a +0 spear.
You barely miss the gnoll. The gnoll misses you.
You hit the gnoll but do no damage.
A gnoll comes into view. It is wielding a -2 whip.
The gnoll hits you with a +0 spear.
You closely miss the gnoll. The gnoll hits you but does no damage.
You hit the gnoll. The gnoll hits you with a +0 spear.
You hit the gnoll. The gnoll barely misses you.
The gnoll hits you with a cursed -2 whip.
* * * LOW HITPOINT WARNING * * *
You completely miss the gnoll. You hit the gnoll. The gnoll barely misses you.
The gnoll hits you but does no damage.
You hit the gnoll. You closely miss the gnoll.
The gnoll hits you but does no damage.
A gnoll comes into view. It is wielding a +0 spear.
The gnoll barely misses you.
Your scale mail prevents you from hitting the gnoll.
You barely miss the gnoll.
The gnoll shouts!
The gnoll closely misses you. The gnoll barely misses you.
The gnoll hits you with a +0 spear.
* * * LOW HITPOINT WARNING * * *
You hit the gnoll.
You kill the gnoll!
Trog accepts your kill.
You hit the gnoll but do no damage. The gnoll hits you but does no damage.
You see here a +0 spear.
You hit the gnoll.
The gnoll hits you from afar with a +0 spear!
* * * LOW HITPOINT WARNING * * *
The gnoll hits you with a cursed -2 whip.
* * * LOW HITPOINT WARNING * * *
You hit the gnoll. The gnoll barely misses you.
The gnoll hits you with a cursed -2 whip.
You die...

#.# #.# #.# #
#.#.# ##.#.
#... #..# #.@#
#. #)g# #.
##.g###### #.
#.........
#.####..###.###
#>......# #
#.......#
##.###..###...
#.............


You could see 2 gnolls.

Vanquished Creatures
  A gnoll (D:2)
  A worm (D:2)
  A leopard gecko (D:1)
  2 ball pythons (D:1)
  3 giant cockroaches (D:1)
  5 goblins (D:1)
  4 hobgoblins
  3 kobolds (D:1)
  2 bats (D:1)
  2 rats (D:1)
24 creatures vanquished.

Notes
Turn   | Place    | Note
-------+----------+-------------------------------------------
     0 | D:1      | Notrik the Hill Orc Berserker began the quest for the Orb.
     0 | D:1      | Reached XP level 1. HP: 19/19 MP: 1/1
   255 | D:1      | Reached XP level 2. HP: 26/27 MP: 2/2
   605 | D:1      | Reached ** piety under Trog
   605 | D:1      | Reached XP level 3. HP: 34/34 MP: 3/3
  1108 | D:2      | Found a burning altar of Makhleb.
  1108 | D:2      | Noticed a blizzard demon
  1161 | D:2      | Slain by a gnoll

Levels and vault maps discovered:
D:1:      saegor_arrival_simple_b, layout_basic
D:2:      layout_loops_ring, corexii_item_surrounded_by_moat,
          makhleb_altar_promises_db

Skill      XL: |  1  2 |
---------------+-------+-----
Fighting       | 4 |  4.6
Axes           | |  4.5
Armour         | |  2.8
Dodging        | |  1.5

Action                   || total
-------------------------++-------
Melee: Hand axe          ||    89
Armor: Animal skin       ||    16
       Scale mail        ||     6
Dodge: Dodged            ||    50

Table legend:
 A = Non-vault XP
 B = Vault XP
 C = Vault XP percentage of total XP
 D = Non-vault monster count
 E = Vault monster count
 F = Vault count percentage of total count
                 A         B        C        D         E       F
            +---------+---------+-------+---------+---------+-------
      Total |      59 |       0 |   0.0 |      24 |       0 |   0.0
            +---------+---------+-------+---------+---------+-------
        D:1 |      36 |       0 |   0.0 |      20 |       0 |   0.0
        D:2 |      23 |       0 |   0.0 |       4 |       0 |   0.0
            +---------+---------+-------+---------+---------+-------
